 Dungeon Crawl Stone Soup version 0.26.1-11-gd32895ea62 (webtiles) character file.

Game seed: 1269728944706105576

5483 raph the Grappler (level 10, -6/150 HPs)
             Began as a Troll Berserker on May 21, 2021.
             Was a High Priest of Trog.
             Mangled by a yak (12 damage)
             ... on level 1 of the Lair of Beasts.
             The game lasted 00:12:03 (8073 turns).

raph the Grappler (Troll Berserker)                 Turns: 8073, Time: 00:12:04

Health: -6/150     AC:  6    Str: 27    XL:     10   Next: 42%
Magic:  0/9        EV: 13    Int:  3    God:    Trog [*****.]
Gold:   562        SH:  0    Dex: 12    Spells: 9/9 levels left

rFire    x . .     SeeInvis .     - Unarmed
rCold    + . .     Faith    .   (no shield)
rNeg     . . .     Spirit   +   a - +0 animal skin
rPois    .         Reflect  .   (helmet restricted)
rElec    .         Harm     .   (no cloak)
rCorr    .         Rampage  .   (gloves unavailable)
Will     ++...                  (boots unavailable)
Stlth    ..........             t - amulet of guardian spirit
HPRegen  1.75/turn              o - ring of ice
MPRegen  0.11/turn              q - ring of flight

@: berserking, lethally poisoned (-6 -> -6), marked, regenerating, very quick
A: large, unfitting armour, claws 3, regeneration 1, shaggy fur 1, tough skin 3
a: Renounce Religion, Evoke Flight, Berserk, Trog's Hand, Brothers in Arms


You were on level 1 of the Lair of Beasts.
You worshipped Trog.
Trog was extremely pleased with you.
You visited 2 branches of the dungeon, and saw 9 of its levels.
You also visited: Sewer.

You collected 562 gold pieces.

Inventory:

Missiles
 s - 13 boomerangs (quivered)
 D - 7 curare-tipped darts
Armour
 a - a +0 animal skin (worn)
Jewellery
 m - an uncursed amulet of magic regeneration
 o - a ring of ice (left claw)
 q - a ring of flight (right claw)
 t - an amulet of guardian spirit (around neck)
Wands
 u - a wand of flame (20)
 A - a wand of digging (3)
 C - a wand of enslavement (7)
Scrolls
 b - 6 scrolls of remove curse
 h - a scroll of fog
 j - 6 scrolls of teleportation
 r - 4 scrolls of magic mapping
 v - a scroll of summoning {unknown}
 y - a scroll of identify
 z - a scroll of immolation {unknown}
Potions
 c - 7 potions of curing
 d - 7 potions of brilliance
 e - 2 potions of cancellation {unknown}
 f - 2 potions of berserk rage
 g - 4 potions of heal wounds {unknown}
 i - 3 potions of ambrosia {unknown}
 k - 2 potions of mutation
 l - a potion of degeneration {unknown}
 n - 2 potions of magic {unknown}
 p - a potion of lignification {unknown}
 w - 3 potions of flight {unknown}
 x - a potion of attraction {unknown}
 B - a potion of invisibility


   Skills:
 + Level 6.9 Fighting
 + Level 1.2 Throwing
 + Level 6.9 Dodging
 * Level 11.3 Unarmed Combat


You had 9 spell levels left.
You didn't know any spells.
Your spell library was empty.

Dungeon Overview and Level Annotations

Branches:
Dungeon (8/15)             Temple (0/1) D:6            Lair (1/6) D:8
  Sewer (visited)

Altars:
Ashenzari
Cheibriados
Hepliaklqana
Makhleb
Nemelex Xobeh
Okawaru
Ru
Sif Muna
Trog
Xom

Shops:
D:6 (

Annotations:
D:4 exclusion: dart slug
D:5 3 runed translucent doors, Ezendos's ghost, weakling PaDe; YannSP's ghost, novice OpEn; alexmat1496's ghost, novice HuFi


Innate Abilities, Weirdness & Mutations

You are too large for most types of armour.
You have claws for hands.
Your natural rate of healing is unusually fast.
You are covered in fur. (AC +1)
You have extremely tough skin. (AC +3)


Message History

You claw the yak!
The yak is heavily wounded.
A bullfrog comes into view.
A yak comes into view.
The yak gores you!
* * * LOW HITPOINT WARNING * * *
The cane toad stings you.
* * * LOW HITPOINT WARNING * * *
The yak gores you!
* * * LOW HITPOINT WARNING * * *
The komodo dragon bites your two-headed ogre!
You mangle the yak!!
You kill the yak!
Trog accepts your kill.
You feel sick.
Your two-headed ogre closely misses the komodo dragon.
Your two-headed ogre barely misses the komodo dragon.
The yak gores you!
* * * LOW HITPOINT WARNING * * *
The yak gores you!
You die...

##.....## #.#.....## .........#
.........#### ###
........÷#..####.##
.................P# ##
##....)...YlO...######.##### .
#.....Yl.Y†FYY.###........##
..##.....S.hYFY@..............#
....#...YF######Y###...........
...#......# ### ##.<........
..........## #..........
...........# #...†.......
#........Y## ##..........
.##.....F.# ##.........
#.....Y.## ..>.......
#........# #..........


You could see a komodo dragon, 9 yaks, a cane toad, a basilisk, a water
moccasin, a wolf, 2 bullfrogs and a friendly two-headed ogre (summoned,
berserk).

Vanquished Creatures
  A black mamba (Lair:1)
  Grinder (Sewer)
  A troll (D:8)
  A yak (Lair:1)
  An acid dragon (D:8)
  3 water moccasins (Lair:1)
  2 sky beasts
  2 phantoms
  3 wolves (D:8)
  4 ogres
  A centaur (D:8)
  3 big kobolds
  3 bullfrogs
  4 killer bees (D:8)
  11 wights
  An electric eel (D:8)
  3 howler monkeys
  2 jellies (D:8)
  4 orc priests
  A centaur skeleton (D:6)
  2 bullfrog skeletons
  9 hounds
  An iron imp (D:5)
  7 orc wizards
  2 iguanas
  3 worker ants
  3 big kobold zombies (Sewer)
  2 hound skeletons (D:7)
  Robin (D:2)
  9 adders
  A howler monkey skeleton (D:4)
  3 shadow imps (Sewer)
  2 white imps
  2 ufetubi (Sewer)
  2 oozes (Sewer)
  An adder skeleton (D:7)
  5 worms
  2 dart slugs
  9 leopard geckos
  17 orcs
  9 giant cockroaches
  14 goblins
  4 hobgoblins
  2 jackals (D:6)
  4 quokkas
  A ball python (D:2)
  8 bats
  5 frilled lizards
  32 kobolds
  2 kobold zombies (Sewer)
  A leopard gecko zombie (D:5)
  A quokka skeleton (D:4)
  10 rats
228 creatures vanquished.

Vanquished Creatures (collateral kills)
  A hydra (Lair:1)
  Sonja (Lair:1)
  A cane toad (Lair:1)
  2 bullfrogs (Lair:1)
5 creatures vanquished.

Vanquished Creatures (others)
  3 fungi (D:3)
  3 plants (Lair:1)
  4 toadstools (D:3)
10 creatures vanquished.

Grand Total: 243 creatures vanquished

Notes
Turn   | Place    | Note
-------+----------+-------------------------------------------
     0 | D:1      | raph the Troll Berserker began the quest for the Orb.
     0 | D:1      | Reached XP level 1. HP: 22/22 MP: 0/0
   290 | D:1      | Reached XP level 2. HP: 28/29 MP: 1/1
   605 | D:2      | Reached XP level 3. HP: 34/36 MP: 2/2
   732 | D:2      | Noticed Robin
   743 | D:2      | Reached skill level 4 in Unarmed Combat
   753 | D:2      | Killed Robin
   753 | D:2      | Reached ** piety under Trog
   754 | D:2      | Reached XP level 4. HP: 44/44 MP: 3/3
  1506 | D:3      | Reached XP level 5. HP: 53/53 MP: 4/4
  1688 | D:3      | Reached *** piety under Trog
  1689 | D:3      | Reached skill level 5 in Unarmed Combat
  1759 | D:3      | Found an iron altar of Okawaru.
  1800 | D:3      | Reached XP level 6. HP: 61/61 MP: 5/5
  2272 | D:4      | Found a snail-covered altar of Cheibriados.
  2575 | D:4      | Found a broken altar of Ashenzari.
  3132 | D:5      | Entered Level 5 of the Dungeon
  3207 | D:5      | Reached skill level 6 in Unarmed Combat
  3275 | D:5      | Reached XP level 7. HP: 68/68 MP: 6/6
  3401 | D:5      | Found a burning altar of Makhleb.
  3496 | D:5      | Found a runed translucent gate.
  3496 | D:5      | Found a runed translucent gate.
  3496 | D:5      | Found a runed translucent gate.
  3498 | D:5      | Noticed YannSP's ghost (novice OpEn)
  3498 | D:5      | Noticed alexmat1496's ghost (novice HuFi)
  3498 | D:5      | Noticed Ezendos's ghost (weakling PaDe)
  3769 | D:5      | Found a broken altar of Ashenzari.
  3770 | D:5      | Found a hazy altar of Hepliaklqana.
  3786 | D:5      | Noticed a moth of wrath
  3790 | D:5      | Found a bloodstained altar of Trog.
  4140 | D:6      | Found Laypho's Antique Weapon Boutique.
  4187 | D:6      | Reached skill level 7 in Unarmed Combat
  4308 | D:6      | Found a staircase to the Ecumenical Temple.
  4502 | D:6      | Found a sparkling altar of Nemelex Xobeh.
  4772 | D:6      | Found a glowing drain.
  4778 | Sewer    | Entered a sewer
  4785 | Sewer    | Reached **** piety under Trog
  5029 | Sewer    | Found an ancient bone altar of Kikubaaqudgha.
  5034 | Sewer    | Reached XP level 8. HP: 79/79 MP: 7/7
  5236 | Sewer    | Noticed Grinder
  5271 | Sewer    | Killed Grinder
  5272 | Sewer    | Reached skill level 5 in Fighting
  5272 | Sewer    | Reached skill level 5 in Dodging
  5272 | Sewer    | Reached skill level 8 in Unarmed Combat
  5737 | D:7      | Found a sacrificial altar of Ru.
  5789 | D:7      | Reached ***** piety under Trog
  5794 | D:7      | Reached XP level 9. HP: 88/88 MP: 8/8
  5801 | D:7      | Reached skill level 9 in Unarmed Combat
  6432 | D:8      | Noticed a troll
  6602 | D:8      | Found a staircase to the Lair.
  6640 | D:8      | Reached skill level 10 in Unarmed Combat
  6645 | D:8      | Killed a troll
  7166 | D:8      | Reached XP level 10. HP: 100/100 MP: 9/9
  7224 | D:8      | Found a shimmering blue altar of Sif Muna.
  7253 | D:8      | Found a shimmering altar of Xom.
  7253 | D:8      | Found a shimmering altar of Xom.
  7253 | D:8      | Found a shimmering altar of Xom.
  7254 | D:8      | Found a shimmering altar of Xom.
  7255 | D:8      | Found a shimmering altar of Xom.
  7255 | D:8      | Found a shimmering altar of Xom.
  7255 | D:8      | Found a shimmering altar of Xom.
  7744 | Lair:1   | Entered Level 1 of the Lair of Beasts
  7758 | Lair:1   | Noticed a seven-headed hydra
  7760 | Lair:1   | Noticed Sonja
  7762 | Lair:1   | Killed a seven-headed hydra
  7765 | Lair:1   | Killed Sonja
  7766 | Lair:1   | Reached skill level 11 in Unarmed Combat
  7983 | Lair:1   | Noticed a black mamba
  7991 | Lair:1   | Killed a black mamba
  8047 | Lair:1   | Noticed a cane toad
  8050 | Lair:1   | Noticed a cane toad
  8071 | Lair:1   | Killed a cane toad
  8072 | Lair:1   | Reached skill level 1 in Throwing
  8073 | Lair:1   | HP: 6/150 [yak (14)]
  8073 | Lair:1   | Mangled by a yak

Illustrated notes

Levels and vault maps discovered:
D:1:      minmay_arrival_loop, layout_basic
D:2:      layout_loops_ring, uniq_robin
D:3:      layout_loops_ring, lemuel_doored_altar, serial_rivers,
          chequers_serial_rivers_room_a, chequers_serial_rivers_small_3,
          chequers_serial_rivers_micro_c, chequers_serial_rivers_micro_d,
          chequers_serial_rivers_micro_c, chequers_serial_rivers_room_a,
          minmay_gold_behind_fungi
D:4:      layout_gridville, kennysheep_slug_shrine, dk_noncrumbling_2,
          evilmike_ruin_ashenzari
D:5:      layout_loops_ring, makhleb_grotto_becter, tgw_trog,
          gammafunk_temple_overflow_statue, gammafunk_ghost_cemetery
D:6:      layout_rooms, nemelex_altar_shiori, minmay_temple_entry_hall,
          serial_corexii_hall, chequers_hall_statues_y, corexii_hall_statues_i,
          gup_sewer_entry_spiral, serial_shops, nicolae_shop_waterfront
D:7:      layout_loops_ring, nicolae_ru_path_of_blood
D:8:      layout_loops_ring, led_sif_pool, xom_shifter_show, erik_lair_island,
          kennysheep_just_a_vault
Lair:1:   layout_gridlike, nzn_sisyphean_effort, grunt_megastairs_2, uniq_erica,
          uniq_sonja

Skill      XL: |  1  2  3  4  5  6  7  8  9 10 |
---------------+-------------------------------+-----
Unarmed Combat | 4 5 6 7 8 10 11 | 11.3
Fighting       | 3 4 5 6 |  6.9
Dodging        | 3 4 5 6 |  6.9
Throwing       | 1 |  1.2

Action                   |  1- 3 |  4- 6 |  7- 9 | 10-12 || total
-------------------------+-------+-------+-------+-------++-------
Melee: Unarmed           |    67 |   117 |   354 |    15 ||   553
       Punch             |       |     1 |    12 |       ||    13
Throw: Boomerang         |       |       |    18 |       ||    18
Invok: Berserk           |     2 |     5 |     7 |     3 ||    17
       Trog's Hand       |       |       |     2 |     1 ||     3
       Brothers in Arms  |       |       |       |     2 ||     2
  Use: Scroll            |     7 |     1 |     3 |       ||    11
 Stab: Sleeping          |       |     1 |     4 |       ||     5
       Distracted        |       |       |     1 |       ||     1
Armor: Animal skin       |    30 |    33 |   101 |     3 ||   167
Dodge: Dodged            |    31 |    59 |   188 |    25 ||   303
